 Dungeon Crawl Stone Soup version 0.29.0-11-gd7f09526c8 (webtiles) character file.

Game seed: 5195719281982317869

263873 Flugkiller the Severer (level 18, 0/172 (174) HPs)
             Began as a Minotaur Fighter on Sept 4, 2022.
             Was a High Priest of Okawaru.
             Slain by an Orb Guardian (9 damage)
             ... on level 5 of the Realm of Zot.
             The game lasted 00:20:49 (25338 turns).

Flugkiller the Severer (Minotaur Fighter)          Turns: 25338, Time: 00:20:50

HP:   0/172 (174)   AC: 40    Str: 25    XL:     18   Next: 80%
MP:   0/25          EV: 13    Int:  5    God:    Okawaru [*****.]
Gold: 1316          SH:  0    Dex: 18    Spells: 17/17 levels left

rFire   + + .      SeeInvis .   a - +9 battleaxe (vamp)
rCold   + + +      Faith    .   (shield currently unavailable)
rNeg    . . .      Spirit   .   z - +3 gold dragon scales
rPois   +          Reflect  .   N - +1 hat "Seplyna" {rC++}
rElec   +          Harm     .   D - +3 cloak of the Eggfruit {rC++ Will+}
rCorr   +          Rampage  .   R - +0 pair of gloves of the Shining Light {Regen+ Str+4}
Will    ++...                   (no boots)
Stlth   ..........              E - amulet of regeneration
HPRegen 1.98/turn               p - +4 ring of protection
MPRegen 0.19/turn               v - +4 ring of protection

@: resistant, marked, on berserk cooldown, hasted and slowed, lightly drained
A: horns 2, retaliatory headbutt, wild magic 1
}: 3/15 runes: decaying, abyssal, gossamer
a: Renounce Religion, Heroism, Finesse, Duel


You were on level 5 of the Realm of Zot.
You worshipped Okawaru.
Okawaru was extremely pleased with you.
You visited 7 branches of the dungeon, and saw 39 of its levels.
You visited the Abyss 1 time.
You also visited: Ossuary.

You collected 3669 gold pieces.
You spent 2353 gold pieces at shops.

Inventory:

Hand Weapons
 a - a +9 vampiric battleaxe (weapon)
   (Okawaru gifted it to you on level 11 of the Dungeon)
 b - a +2 short sword of distortion
   (You took it off an orc on level 1 of the Orcish Mines)
 e - a +2 broad axe of draining
   (You bought it in a shop on level 2 of the Orcish Mines)
Missiles
 x - 18 boomerangs
 J - 7 boomerangs of dispersal
 K - a throwing net (quivered)
Armour
 z - +3 gold dragon scales (worn)
   (You found it on level 1 of the Realm of Zot)
 D - the +3 cloak of the Eggfruit (worn) {rC++ Will+}
   (You bought it in a shop on level 3 of the Dungeon)

   rC:        It greatly protects you from cold.
   Will:      It increases your willpower.
 L - the +3 cloak of Zautock {Harm}
   (Okawaru gifted it to you on level 3 of the Lair of Beasts)

   Harm:      It increases damage dealt and taken.
 N - the +1 hat "Seplyna" (worn) {rC++}
   (Okawaru gifted it to you on level 4 of the Spider Nest)

   rC:        It greatly protects you from cold.
 Q - the +9 plate armour of Intense Beauty {Stlth+}
   (Okawaru gifted it to you on level 12 of the Dungeon)

   Stlth:     It makes you more stealthy.
 R - the +0 pair of gloves of the Shining Light (worn) {Regen+ Str+4}
   (You acquired it on level 2 of the Dungeon)

   Str:       It affects your strength (+4).
   Regen:     It increases your rate of health regeneration.
Jewellery
 f - a ring of protection from fire
   (You bought it in a shop on level 2 of the Orcish Mines)
 i - a ring of see invisible
   (You found it on level 8 of the Dungeon)
 k - a ring of resist corrosion
   (You found it on level 14 of the Dungeon)
 p - a +4 ring of protection (left hand)
   (You took it off an orc on level 9 of the Dungeon)
 r - a +6 ring of strength
   (You found it on level 4 of the Depths)
 v - a +4 ring of protection (right hand)
   (You found it on level 1 of the Realm of Zot)
 E - an amulet of regeneration (around neck)
   (You took it off an orc on level 9 of the Dungeon)
 P - the ring of Buaf {rPois rC+ Int+6 Stlth-}
   (You bought it in a shop on level 2 of the Orcish Mines)

   [ring of protection from cold]

   Int:       It affects your intelligence (+6).
   rC:        It protects you from cold.
   rPois:     It protects you from poison.
   Stlth:     It makes you less stealthy.
 T - a +6 ring of strength
   (You found it on level 2 of the Spider Nest)
Wands
 m - a wand of mindburst (22)
   (You found it on level 11 of the Dungeon)
 s - a wand of paralysis (14)
   (You found it on level 2 of the Dungeon)
 F - a wand of roots (20)
   (You found it on level 11 of the Dungeon)
Scrolls
 g - 5 scrolls of immolation
 o - 3 scrolls of enchant weapon
 u - 4 scrolls of silence
 y - 2 scrolls of vulnerability
 M - 3 scrolls of fear
Potions
 c - 3 potions of cancellation
 d - 11 potions of might
 h - 4 potions of haste
 j - 4 potions of berserk rage
 q - 18 potions of curing
 w - 16 potions of heal wounds
 A - 5 potions of ambrosia
 B - 5 potions of mutation
 H - 2 potions of flight
 I - 5 potions of lignification
 O - a potion of magic
Miscellaneous
 C - a tin of tremorstones (2/2)
   (You found it on level 4 of the Spider Nest)


   Skills:
 + Level 18.8 Fighting
 - Level 20.0 Axes
 + Level 18.8 Armour
 + Level 16.5 Dodging
 - Level 3.6 Shields
 - Level 11.0 Invocations
 + Level 10.9 Evocations


You had 17 spell levels left.
You didn't know any spells.
Your spell library was empty.

Dungeon Overview and Level Annotations

Branches:
Dungeon (15/15)            Temple (0/1) D:4            Lair (5/5) D:11
  Swamp (4/4) Lair:3       Spider (4/4) Lair:3        Slime (0/5) Lair:4
    Orc (2/2) D:11            Elf (0/3) Orc:2        Vaults (0/5) D:14
 Depths (4/4) D:15            Zot (5/5) Depths:4    Ossuary (visited)

Altars:
Cheibriados
Elyvilon
Fedhas
Gozag
Kikubaaqudgha
Okawaru
Sif Muna
Zin
The Shining One
Jiyva

Shops:
D:2 ?   D:3 [   D:9 =*   D:10 **   D:11 =   Orc:2 (*[=

Portals:
Hell: Depths:2
Abyss: Lair:5

Annotations:
Lair:5 2 transporters, bworf's ghost, journeyman HOFi


Innate Abilities, Weirdness & Mutations

You have a pair of horns on your head.
You reflexively headbutt those who attack you in melee.
Your spells are a little harder to cast, but a little more powerful.


Message History

The Tzitzimitl engulfs you but does no damage.
The Tzitzimitl barely misses you.
The shadow demon enters a dispersal trap!
The white draconian blinks!
You hear a loud "Zot"!
The Tzitzimitl blinks!
The white draconian blinks!
The white draconian stormcaller blinks!
The Tzitzimitl blinks!
The yellow draconian blinks!
The purple draconian blinks!
The white draconian stormcaller blinks! x2; The yellow draconian blinks!
The white draconian blinks!
The Tzitzimitl blinks!
The yellow draconian blinks!
The white draconian blinks!
You blink.
The shadow demon blinks!
Something touches you but does no damage.
The white draconian stormcaller calls down the wrath of Qazlal upon the purple draconian.
The white draconian breathes frost at something.
The blast of cold hits something.
The white draconian stormcaller enters a dispersal trap!
The purple draconian blinks!
The yellow draconian blinks!
The white draconian blinks!
The white draconian stormcaller blinks!
The purple draconian blinks!
The Tzitzimitl blinks!
The white draconian blinks!
The shadow demon blinks!
You blink.
The white draconian stormcaller blinks!
You hear a loud "Zot"!
You feel a strong urge to attack something.
You are no longer berserk.
You are exhausted.
You feel yourself slow down.
You feel sick.
The shadow demon gestures.
You slice the white draconian!!
You feel better.
You headbutt the white draconian, but do no damage.
The white draconian is moderately wounded.
You barely miss something.
You feel sick.
You are no longer poisoned.
The moth of wrath's fur bristles in rage as it notices you.
Something touches you but does no damage.
The white draconian breathes frost at you.
The blast of cold hits you but does no damage.
The purple draconian rages.
The moth of wrath's fur bristles in rage as it notices you.
The moth of wrath's fur bristles in rage as it notices you.
Something touches you but does no damage.
The Tzitzimitl calls on the powers of darkness!
The yellow draconian convulses!
The purple draconian convulses!
The white draconian stormcaller convulses!
The moth of wrath convulses!
The white draconian convulses! x2
Your body is wracked with pain!
The yellow draconian convulses!
The white draconian stormcaller convulses!
The golden dragon convulses!
You hear a loud "Zot"!
The power of Zot is invoked against you!
You suddenly feel drained of magical energy!
Something touches you but does no damage.
Really walk into that permanent teleport trap?
You enter a permanent teleport trap!
Your surroundings suddenly seem different.
You enter a permanent teleport trap!
Your surroundings suddenly seem different.
You set off the alarm!
The alarm trap emits a blaring wail!
A sentinel's mark forms upon you. 3 Orb Guardians and an orb of fire come into view.
Found a ring mail.
You hear a shout!
You hear a deafening roar!
You hear a roar! x4
You hear a shout!
You hear a chilling moan.
You hear a roar!
You hear a shout! x2
You hear a roar!
You hear a shout!
You hear a deafening roar!
The Orb Guardian closely misses you. The Orb Guardian hits you.
Unknown command.
You closely miss the Orb Guardian. You miss the Orb Guardian.
You flicker back into view.
The Orb Guardian closely misses you.
The orb of fire glows yellow.
The bolt of fire hits you! You resist. The Orb Guardian hits you.
You don't have enough magic at the moment.
You don't have enough magic at the moment.
You slice the Orb Guardian!!
The Orb Guardian is moderately wounded.
You slash the Orb Guardian!
The Orb Guardian hits you but does no damage.
The orb of fire glows red.
The bolt of fire hits you. You resist. The Orb Guardian hits you!!
* * * LOW HITPOINT WARNING * * *
You slice the Orb Guardian!!
The Orb Guardian is heavily wounded.
You hit the Orb Guardian.
You feel better.
The Orb Guardian hits you but does no damage.
The Orb Guardian misses you.
You slice the Orb Guardian!!
You feel better.
You headbutt the Orb Guardian.
The Orb Guardian is almost dead.
You slash the Orb Guardian!
You feel better. The Orb Guardian hits you!!
* * * LOW HITPOINT WARNING * * *
An Orb Guardian comes into view.
You miss the Orb Guardian. You closely miss the orb of fire.
You slice the Orb Guardian!! The Orb Guardian hits you!
* * * LOW HITPOINT WARNING * * *
An Orb Guardian comes into view.
The Orb Guardian hits you!!
* * * LOW HITPOINT WARNING * * *
You barely miss the Orb Guardian. Your headbutt misses the Orb Guardian.
You hit the Orb Guardian.
You feel better.
You miss the orb of fire.
You hit the Orb Guardian but do no damage.
The Orb Guardian hits you!
You die...

..... ..<.............#
#▓▓▓▓ #######.########▓▓
####### ....X.......
##...... ...........#
##..D.... ...........
##...d.... ..........#
#......^.. ..........#
#.)..2.... ......X...##
#°.^..yq.d ......*@...#
#.....d... ......XX..[#
#......... X...........#
#.....^...
##########...###.....$..
#....##.......
##..^^....... ▓▓
▓▓▓▓▓▓▓▓▓▓ .▓▓▓ ....


You could see an orb of fire and 5 Orb Guardians.

Vanquished Creatures
  A dread lich (Zot:5)
  Nikola (Spider:1)
  3 golden dragons
  A bone dragon (Depths:4)
  5 tentacled monstrosities
  Rupert (D:12)
  An Orb Guardian (Zot:5)
  A lich (Abyss:3)
  2 quicksilver dragons
  2 death cobs
  Frances (D:12)
  A tengu reaver (Depths:3)
  Agnes (D:14)
  5 storm dragons
  A fenstrider witch (Swamp:3)
  7 draconian monks (Zot:2)
  Aizul (Swamp:1)
  3 draconian knights
  An orc warlord (Orc:2)
  7 ghost moths
  9 emperor scorpions
  6 draconian stormcallers
  3 draconian scorchers
  Louise (D:15)
  5 very ugly things
  3 spectral caustic shrikes (Depths:2)
  A draconian annihilator (Zot:2)
  A broodmother (Spider:4)
  3 stone giants
  Nessos (Lair:3)
  A starflower (Abyss:3)
  11 starcursed masses (Abyss:3)
  6 black draconians
  7 entropy weavers
  6 purple draconians
  2 white draconians
  3 green draconians (Zot:2)
  3 red draconians
  6 yellow draconians (Zot:2)
  2 fire dragons
  A yaktaur captain (Depths:4)
  Josephine (D:14)
  An ettin (Depths:3)
  2 shambling mangroves (Swamp:4)
  7 ice dragons
  2 ghost crabs
  10 hydras
  2 jorogumos
  An ogre mage (D:14)
  Erica (D:11)
  4 boulder beetles
  3 catoblepae
  A centaur warrior (D:15)
  4 alligators
  4 two-headed ogres
  6 death yaks (Lair:5)
  A radroach (Spider:3)
  A death knight (D:15)
  A hell hog (Abyss:3)
  2 tengu warriors (D:14)
  An orc high priest (Orc:2)
  3 deep troll shamans
  Urug (D:15)
  3 hell knights
  A wretched star (Abyss:3)
  A goliath frog (Swamp:3)
  4 pharaoh ants
  A sun moth (Spider:1)
  A sixfirhy (Abyss:3)
  2 glowing orange brains (Abyss:3)
  2 spriggan druids
  4 deep trolls (Depths:2)
  7 steelbarb worms
  A swamp dragon (Swamp:1)
  4 orb spiders
  4 bog bodies
  2 orange crystal statues (Abyss:3)
  3 wizards
  A lindwurm (Lair:5)
  2 orc knights (Orc:2)
  14 wolf spiders
  A necromancer (D:12)
  A manticore (D:11)
  4 deep elf pyromancers
  5 orc sorcerers (Orc:2)
  2 cyclopes
  12 moths of wrath
  4 ugly things
  A worldbinder (Abyss:3)
  20 elephants (Lair:5)
  Joseph (D:7)
  6 black mambas
  A smoke demon (Abyss:3)
  An orange demon (Abyss:3)
  Maggie (D:8)
  5 torpor snails
  9 cane toads
  2 gargoyles
  A hellion (Abyss:3)
  2 unseen horrors
  Psyche (D:9)
  6 freezing wraiths
  A yaktaur (shapeshifter) (D:14)
  3 kobold demonologists (D:12)
  2 demonic crawlers
  2 rime drakes (Lair:4)
  A hellwing (Abyss:3)
  A tengu conjurer (Depths:4)
  2 ancient zymes
  11 komodo dragons
  A bloated husk (Swamp:2)
  3 polar bears
  5 trolls
  15 tarantellas
  5 hornets
  Prince Ribbit (D:8)
  3 meliai (D:14)
  3 tyrant leeches
  12 dream sheep
  3 slime creatures (D:15)
  3 blink frogs (Lair:5)
  19 jumping spiders
  Sigmund (D:4)
  A spriggan (Lair:4)
  11 culicivoras
  2 ynoxinuls (Abyss:3)
  4 shadows
  A culicivora (shapeshifter) (D:15)
  A water elemental (Depths:2)
  4 vampires
  12 wraiths
  4 wyverns
  37 yaks
  3 fire elementals (D:12)
  Eustachio (D:4)
  Grum (D:8)
  4 basilisks
  3 swamp worm simulacra (Swamp:4)
  A warg (shapeshifter) (D:12)
  46 redbacks
  5 neqoxecs (Abyss:3)
  11 swamp worms
  4 wargs (Orc:2)
  3 large abominations
  An acid dragon (D:9)
  6 vampire mosquitoes
  17 hydra simulacra (Swamp:4)
  22 water moccasins
  A swamp drake (Swamp:3)
  2 ice beasts (D:6)
  Duvessa (D:4)
  19 orc warriors
  A sky beast (D:7)
  8 black bears
  2 ogres
  5 centaurs (D:12)
  37 wolves
  3 phantoms
  3 elf zombies (Ossuary)
  A gnoll sergeant (D:9)
  9 kobold brigands
  11 bullfrogs
  A necrophage (D:4)
  A scorpion (D:6)
  4 wights (D:10)
  Dowan (D:4)
  4 killer bees (D:10)
  2 howler monkeys
  2 electric eels
  3 centaur zombies (Ossuary)
  A human zombie (Ossuary)
  7 orc priests
  6 hounds
  8 jellies
  Crazy Yiuf (D:5)
  2 gnoll boudas
  An iron imp (Abyss:3)
  Natasha (twice) (D:4)
  An iguana (D:5)
  10 orc wizards
  4 hell rats (Lair:1)
  A polar bear simulacrum (D:12)
  2 yak simulacra (D:12)
  A wolf simulacrum (D:12)
  3 mummies (Ossuary)
  Robin (D:3)
  15 gnolls
  11 adders
  6 river rats (Lair:1)
  3 white imps
  3 ufetubi
  4 swamp drake simulacra (Swamp:4)
  4 adder zombies (Ossuary)
  5 worms
  2 dart slugs
  40 orcs
  4 endoplasms
  3 giant cockroaches
  15 goblins
  17 hobgoblins
  14 jackals
  4 quokkas
  2 ball pythons
  7 bats
  5 frilled lizards
  7 goblin zombies (Ossuary)
  2 hobgoblin zombies (Ossuary)
  A jackal zombie (Ossuary)
  16 kobolds
  3 kobold zombies (Ossuary)
  An orc zombie (Ossuary)
  7 quokka zombies (Ossuary)
  12 rats
  2 rat zombies (Ossuary)
  7 river rat simulacra (D:12)
1025 creatures vanquished.

Vanquished Creatures (others)
  A swamp dragon (Swamp:1)
  A bloated husk (Swamp:1)
  A culicivora (Spider:4)
  A vampire mosquito (Swamp:2)
  A swamp worm simulacrum (Swamp:4)
  A small abomination (Abyss:3)
  65 fungi
  82 plants
153 creatures vanquished.

Grand Total: 1178 creatures vanquished

Notes
Turn   | Place    | Note
-------+----------+-------------------------------------------
     0 | D:1      | Flugkiller the Minotaur Fighter began the quest for the
                  | Orb.
     0 | D:1      | Reached XP level 1. HP: 19/19 MP: 0/0
   161 | D:1      | Reached skill level 3 in Axes
   161 | D:1      | Reached XP level 2. HP: 27/27 MP: 1/1
   404 | D:2      | Reached XP level 3. HP: 33/33 MP: 2/2
   600 | D:2      | Reached skill level 4 in Axes
   730 | D:2      | Found Huocs's Magic Scroll Boutique.
   860 | D:2      | Reached XP level 4. HP: 40/40 MP: 3/3
  1184 | D:3      | Noticed Robin
  1201 | D:3      | Killed Robin
  1373 | D:3      | Reached XP level 5. HP: 39/47 MP: 4/4
  1490 | D:3      | Found a faded altar of an unknown god.
  1661 | D:3      | Found Roecad's Antique Armour Shoppe.
  1667 | D:3      | Reached skill level 5 in Axes
  2053 | D:4      | Noticed Dowan
  2054 | D:4      | Noticed Duvessa
  2065 | D:4      | Killed Duvessa
  2065 | D:4      | Killed Dowan
  2066 | D:4      | Reached skill level 5 in Fighting
  2066 | D:4      | Reached skill level 5 in Armour
  2066 | D:4      | Reached XP level 6. HP: 46/56 MP: 5/5
  2174 | D:4      | Noticed Eustachio
  2184 | D:4      | Reached skill level 6 in Axes
  2221 | D:4      | Killed Eustachio
  2532 | D:4      | Noticed Sigmund
  2534 | D:4      | Noticed Natasha
  2543 | D:4      | Killed Natasha
  2544 | D:4      | Reached XP level 7. HP: 48/62 MP: 6/6
  2547 | D:4      | Killed Sigmund
  2548 | D:4      | Reached skill level 7 in Axes
  2739 | D:4      | Found an opulent altar of Gozag.
  2739 | D:4      | Found an ancient bone altar of Kikubaaqudgha.
  2739 | D:4      | Found an iron altar of Okawaru.
  2762 | D:4      | Found a staircase to the Ecumenical Temple.
  2811 | D:4      | Noticed Natasha
  2815 | D:4      | Killed Natasha
  2836 | D:4      | Became a worshipper of Warmaster Okawaru
  2849 | D:4      | Found a shimmering blue altar of Sif Muna.
  2853 | D:4      | Found a blossoming altar of Fedhas.
  2976 | D:5      | Entered Level 5 of the Dungeon
  3093 | D:5      | Reached skill level 8 in Axes
  3328 | D:5      | Reached XP level 8. HP: 60/71 MP: 7/7
  3391 | D:5      | Reached skill level 1 in Invocations
  3831 | D:5      | Found a runed translucent door.
  3832 | D:5      | Noticed Crazy Yiuf
  3884 | D:5      | Killed Crazy Yiuf
  3936 | D:6      | Reached * piety under Okawaru
  4088 | D:6      | Reached skill level 9 in Axes
  4604 | D:6      | Reached ** piety under Okawaru
  4605 | D:6      | Reached XP level 9. HP: 56/79 MP: 10/10
  4820 | D:6      | Found a glowing golden altar of the Shining One.
  4820 | D:6      | Found a glowing silver altar of Zin.
  4820 | D:6      | Found a white marble altar of Elyvilon.
  4993 | D:6      | Reached skill level 10 in Axes
  5532 | D:7      | Noticed Joseph
  5555 | D:7      | Killed Joseph
  5556 | D:7      | Reached skill level 11 in Axes
  6062 | D:7      | Reached *** piety under Okawaru
  6076 | D:7      | Found a snail-covered altar of Cheibriados.
  6335 | D:8      | Noticed Grum
  6346 | D:8      | Killed Grum
  6348 | D:8      | Reached XP level 10. HP: 66/90 MP: 10/12
  6453 | D:8      | Found a sand-covered staircase.
  6456 | D:8      | Noticed Prince Ribbit
  6471 | D:8      | Killed Prince Ribbit
  6472 | D:8      | Reached skill level 5 in Invocations
  6488 | Ossuary  | Entered an ossuary
  6691 | Ossuary  | Reached skill level 12 in Axes
  6871 | D:8      | Reached **** piety under Okawaru
  7222 | D:8      | Noticed Maggie
  7243 | D:8      | Killed Maggie
  7961 | D:9      | Found Wotorha's Assorted Antiques.
  8283 | D:9      | Reached skill level 13 in Axes
  8541 | D:9      | Reached skill level 10 in Armour
  8543 | D:9      | Found Jicror's Jewellery Shop.
  8543 | D:9      | Noticed Psyche
  8550 | D:9      | Killed Psyche
  8551 | D:9      | Reached skill level 10 in Fighting
  8953 | D:9      | Reached XP level 11. HP: 79/99 MP: 14/14
  9240 | D:9      | Noticed a brown ugly thing
  9254 | D:9      | Killed a brown ugly thing
  9521 | D:2      | Bought a scroll of acquirement for 624 gold pieces
  9521 | D:2      | Acquired the +0 pair of gloves of the Shining Light {Regen+
                  | Str+4}
  9523 | D:2      | Acquired 623 gold pieces
  9525 | D:2      | Bought a scroll of enchant weapon for 90 gold pieces
  9525 | D:2      | Bought a scroll of enchant weapon for 90 gold pieces
  9525 | D:2      | Bought a scroll of identify for 24 gold pieces
  9525 | D:2      | Bought a scroll of identify for 24 gold pieces
  9574 | D:3      | Bought a masterwork cloak for 275 gold pieces
  9574 | D:3      | Identified the +3 cloak of the Eggfruit {rC++ Will+} (You
                  | bought it in a shop on level 3 of the Dungeon)
  9757 | D:10     | Entered Level 10 of the Dungeon
  9810 | D:10     | Found Vabbenan's Assorted Antiques.
  9837 | D:10     | Found Wouroses's Serpentskin Sales.
 10023 | D:10     | Reached ***** piety under Okawaru
 10428 | D:11     | Found Ucil Qunam's Jewellery Shoppe.
 10664 | D:11     | Reached skill level 14 in Axes
 10717 | D:11     | Found a staircase to the Lair.
 10789 | D:11     | Received a gift from Okawaru
 10830 | D:11     | Noticed Erica
 10843 | D:11     | Killed Erica
 11085 | D:11     | Found a staircase to the Orcish Mines.
 11332 | Lair:1   | Entered Level 1 of the Lair of Beasts
 11340 | Lair:1   | Reached skill level 1 in Dodging
 11524 | Lair:1   | Received a gift from Okawaru
 11729 | Lair:1   | Reached skill level 15 in Axes
 11757 | Lair:1   | Reached XP level 12. HP: 110/110 MP: 16/16
 11763 | Lair:1   | Identified the +3 chain mail "Kuagror" {+Inv rF+ Int-2
                  | Dex+3}
 12507 | Lair:2   | Reached skill level 5 in Dodging
 12525 | Lair:2   | Reached ****** piety under Okawaru
 12874 | Lair:3   | Found a staircase to the Swamp.
 12912 | Lair:3   | Noticed a five-headed hydra
 12923 | Lair:3   | Killed an 11-headed hydra
 13178 | Lair:3   | Noticed Nessos
 13192 | Lair:3   | Killed Nessos
 13192 | Lair:3   | Identified the +3 cloak of Zautock {Harm} (Okawaru gifted
                  | it to you on level 3 of the Lair of Beasts)
 13192 | Lair:3   | Received a gift from Okawaru
 13285 | Lair:3   | Found a hole to the Spider Nest.
 13609 | Lair:4   | Reached skill level 16 in Axes
 13730 | Lair:4   | Found a staircase to the Slime Pits.
 13730 | Lair:4   | Found a viscous altar of Jiyva.
 14166 | Lair:5   | Entered Level 5 of the Lair of Beasts
 14173 | Lair:5   | Reached XP level 13. HP: 118/118 MP: 18/18
 14324 | Lair:5   | Identified the +10 rapier "Udeo" {drain, rElec rF- MP+9
                  | SInv}
 14503 | Lair:5   | Received a gift from Okawaru
 14510 | Lair:5   | Reached skill level 17 in Axes
 14728 | Lair:5   | Received a gift from Okawaru
 14864 | Lair:5   | Found a transporter.
 14917 | Lair:5   | Reached XP level 14. HP: 129/129 MP: 20/20
 14947 | Lair:5   | Noticed bworf's ghost (journeyman HOFi)
 14976 | Lair:5   | Found a transporter.
 15163 | Lair:5   | Noticed a tentacled starspawn
 15166 | Lair:5   | Found a one-way gate to the infinite horrors of the Abyss.
 15409 | Orc:1    | Entered Level 1 of the Orcish Mines
 15562 | Orc:2    | Entered Level 2 of the Orcish Mines
 15563 | Orc:2    | Found a staircase to the Elven Halls.
 15580 | Orc:2    | Found Hufa's Antique Armour Boutique.
 15590 | Orc:2    | Reached skill level 10 in Dodging
 15629 | Orc:2    | Noticed an orc warlord
 15632 | Orc:2    | Found Ylecwuk's Jewellery Emporium.
 15648 | Orc:2    | Killed an orc warlord
 15648 | Orc:2    | Identified the +8 executioner's axe of Tenacity {holy,
                  | Contam +Blink rC- rN+ Str+4} (Okawaru gifted it to you on
                  | level 2 of the Orcish Mines)
 15648 | Orc:2    | Received a gift from Okawaru
 15649 | Orc:2    | Reached skill level 1 in Evocations
 15658 | Orc:2    | Reached skill level 10 in Invocations
 15870 | Orc:2    | Found Vaxtall's General Store.
 15932 | Orc:2    | Found Xenkukol's Antique Weapon Shop.
 15955 | Orc:2    | Bought a glowing broad axe for 140 gold pieces
 16173 | Orc:2    | Bought the ring of Buaf {rPois rC+ Int+6 Stlth-} for 711
                  | gold pieces
 16267 | D:12     | Noticed Rupert
 16272 | D:12     | Reached skill level 18 in Axes
 16279 | D:12     | Killed Rupert
 16788 | D:12     | Identified the +9 plate armour of Intense Beauty {Stlth+}
                  | (Okawaru gifted it to you on level 12 of the Dungeon)
 16788 | D:12     | Received a gift from Okawaru
 16998 | D:12     | Noticed Frances
 17014 | D:12     | Killed Frances
 17771 | D:13     | You fall into a shaft and drop 2 floors!
 17771 | D:15     | Entered Level 15 of the Dungeon
 17883 | D:15     | Noticed Louise
 17886 | D:15     | Noticed Urug
 17902 | D:15     | Killed Urug
 17904 | D:15     | Killed Louise
 18009 | D:15     | Found a staircase to the Depths.
 18762 | D:14     | Noticed Josephine
 18767 | D:14     | Reached XP level 15. HP: 135/136 MP: 21/21
 18770 | D:14     | Killed Josephine
 18876 | D:14     | Noticed Agnes
 18896 | D:14     | Killed Agnes
 18969 | D:14     | Found a gate to the Vaults.
 19054 | D:14     | Reached skill level 19 in Axes
 19254 | D:13     | Received a gift from Okawaru
 19785 | Spider:1 | Entered Level 1 of the Spider Nest
 19878 | Spider:1 | Noticed Nikola
 19893 | Spider:1 | Killed Nikola
 20372 | Spider:2 | Received a gift from Okawaru
 20373 | Spider:2 | Reached skill level 5 in Evocations
 20418 | Spider:2 | Noticed an emperor scorpion
 20432 | Spider:2 | Killed an emperor scorpion
 20509 | Spider:2 | Noticed an emperor scorpion
 20522 | Spider:2 | Killed an emperor scorpion
 20703 | Spider:3 | Reached skill level 20 in Axes
 20711 | Spider:3 | Reached XP level 16. HP: 147/147 MP: 17/23
 20855 | Spider:4 | Entered Level 4 of the Spider Nest
 20862 | Spider:4 | Reached skill level 15 in Fighting
 20863 | Spider:4 | Reached skill level 15 in Armour
 20865 | Spider:4 | Identified the +9 executioner's axe of the Doomed Warrior
                  | {vorpal, *Noise rC+ Will+ rCorr} (Okawaru gifted it to you
                  | on level 4 of the Spider Nest)
 20865 | Spider:4 | Received a gift from Okawaru
 21270 | Spider:4 | Identified the +1 hat "Seplyna" {rC++} (Okawaru gifted it
                  | to you on level 4 of the Spider Nest)
 21270 | Spider:4 | Received a gift from Okawaru
 21551 | Spider:4 | Got a gossamer rune of Zot
 21750 | Swamp:1  | Entered Level 1 of the Swamp
 21755 | Swamp:1  | Noticed Aizul
 21778 | Swamp:1  | Killed Aizul
 22076 | Swamp:3  | fdsa
 22097 | Swamp:3  | Identified the +8 plate armour "Qoh Doeb" {Harm rCorr Str-2
                  | Dex+5} (Okawaru gifted it to you on level 3 of the Swamp)
 22097 | Swamp:3  | Received a gift from Okawaru
 22147 | Swamp:4  | Entered Level 4 of the Swamp
 22532 | Swamp:4  | Reached XP level 17. HP: 152/159 MP: 24/24
 22713 | Swamp:4  | Got a decaying rune of Zot
 22718 | Abyss:3  | Cast into level 3 of the Abyss (unwielding a weapon of
                  | distortion)
 22812 | Abyss:3  | Found a corrupted altar of Lugonu.
 22872 | Abyss:3  | Noticed a lich
 22880 | Abyss:3  | Killed a lich
 22897 | Abyss:3  | Found a corrupted altar of Lugonu.
 22948 | Abyss:3  | SDFLKHSDFKJHSDFKJASGH
 23049 | Abyss:3  | Noticed a tentacled monstrosity
 23065 | Abyss:3  | Paralysed by accursed screaming for 1 turns
 23098 | Abyss:3  | Identified the +1 pair of gloves "Liriteo" {+Inv rCorr
                  | Dex+4} (Okawaru gifted it to you on level 3 of the Abyss)
 23098 | Abyss:3  | Received a gift from Okawaru
 23116 | Abyss:3  | Gained mutation: You sometimes lose your temper in combat.
                  | [a neqoxec]
 23141 | Abyss:3  | Paralysed by accursed screaming for 1 turns
 23169 | Abyss:3  | Noticed a bone dragon
 23209 | Abyss:3  | Got an abyssal rune of Zot
 23255 | Swamp:4  | Escaped the Abyss
 23632 | Depths:1 | Entered Level 1 of the Depths
 23796 | Orc:2    | Bought a ring of protection from fire for 375 gold pieces
 24104 | Depths:2 | Found a gateway to Hell.
 24168 | Depths:4 | Entered Level 4 of the Depths
 24180 | Depths:4 | Reached skill level 15 in Dodging
 24192 | Depths:4 | Lost mutation: You sometimes lose your temper in combat.
                  | [potion of mutation]
 24192 | Depths:4 | Gained mutation: Your spells are a little harder to cast,
                  | but a little more powerful. [potion of mutation]
 24308 | Depths:4 | Found a gate to the Realm of Zot.
 24321 | Depths:4 | Noticed a bone dragon
 24343 | Depths:4 | Killed a bone dragon
 24383 | Depths:4 | Received a gift from Okawaru
 24436 | Zot:1    | Entered Level 1 of the Realm of Zot
 24436 | Zot:1    | Noticed a golden dragon
 24436 | Zot:1    | Noticed a golden dragon
 24447 | Zot:1    | Killed a golden dragon
 24460 | Zot:1    | Killed a golden dragon
 24537 | Zot:1    | Reached XP level 18. HP: 49/171 MP: 19/25
 24656 | Zot:2    | Noticed a tentacled monstrosity
 24666 | Zot:2    | Noticed a tentacled monstrosity
 24668 | Zot:2    | Killed a tentacled monstrosity
 24686 | Zot:2    | Killed a tentacled monstrosity
 24686 | Zot:2    | Received a gift from Okawaru
 24829 | Zot:2    | Reached skill level 10 in Evocations
 24968 | Zot:2    | Received a gift from Okawaru
 25054 | Zot:2    | Noticed a golden dragon
 25081 | Zot:2    | Found a glowing silver altar of Zin.
 25141 | Zot:4    | Noticed a tentacled monstrosity
 25152 | Zot:4    | Killed a tentacled monstrosity
 25162 | Zot:4    | Noticed a tentacled monstrosity
 25171 | Zot:4    | Killed a tentacled monstrosity
 25171 | Zot:4    | Noticed a golden dragon
 25185 | Zot:4    | Killed a golden dragon
 25220 | Zot:5    | Entered Level 5 of the Realm of Zot
 25229 | Zot:5    | Noticed a tentacled monstrosity
 25249 | Zot:5    | Killed a tentacled monstrosity
 25300 | Zot:5    | Noticed a dread lich
 25300 | Zot:5    | Noticed a dread lich
 25301 | Zot:5    | Noticed an Orb Guardian
 25304 | Zot:5    | its over
 25312 | Zot:5    | Killed an Orb Guardian
 25317 | Zot:5    | Killed a dread lich
 25325 | Zot:5    | Noticed a Tzitzimitl
 25330 | Zot:5    | Noticed a golden dragon
 25332 | Zot:5    | Noticed an Orb Guardian
 25332 | Zot:5    | Noticed an Orb Guardian
 25332 | Zot:5    | Noticed an Orb Guardian
 25332 | Zot:5    | Noticed an orb of fire
 25336 | Zot:5    | Noticed an Orb Guardian
 25337 | Zot:5    | Noticed an Orb Guardian
 25337 | Zot:5    | HP: 7/172 [Orb Guardian (22)]
 25338 | Zot:5    | Slain by an Orb Guardian

Illustrated notes

♣.♣ ♣ ♣♣~§. ♣♣ ♣♣♣
♣♣♣~~.♣.♣ ♣♣♣.♣♣♣.♣♣
♣♣♣...♣♣~.♣
~.~~!~.~.♣♣♣♣♣...♣♣~...♣
<~~~~~~~....♣.......~..♣
.~~~~~~.♣♣>............♣
.~..~iw@.♣♣♣.####.###..♣
~~~~.$wH.♣ ♣.#...)..†#.♣
.~~~§~~~~~♣♣♣....~...#..
.~~~~.~~~~.♣♣.~......#..
~~~~~~~.~~~.♣..§.....#..
~~~~~♣♣.~.♣<♣~~~.....#.♣
.~~.♣ ♣~~.....~~..~###.♣
~.~~ ♣.♣~~~~.♣.§...~/..
~§~~♣~~~~♣♣.~~~.


Turn 22076 on Swamp:3: fdsa .. . ... ####.## #. ... .....~~ .. .... ..~≈~~≈
.#....~ .~~~≈≈~ ≈♣~~~ ~ ~≈~~~~~ ~~~ ~~. ≈~~~~~~♣~♣≈≈≈≈≈ ♣~~≈~≈@.≈~~~..
≈~~~~~~~....... ≈≈~~~..≈♣#..... ~~~~~~~~# ...# ♣~~#.~≈.. ... ~. ...... .. ~
....... . ......... Turn 22948 on Abyss:3: SDFLKHSDFKJHSDFKJASGH ......~~~~~~..
.......~~~~. ........~~ ........#.# #.#^##....# ............# ##.########▓▓
######### ##........ ##.@......q ##.q...L.... #......^.... #.........dy
#..^..^..... #....X...ddq #..§........ #.....^....d ##.....$... Turn 25304 on
Zot:5: its over

Levels and vault maps discovered:
D:1:      sevenhm_arrival_forest_fort_large_4, layout_rooms
D:2:      layout_rooms, serial_shops, nicolae_shop_crystal, minmay_puff
D:3:      layout_basic, serial_shops, shop, nicolae_ecumenical_oubliette,
          uniq_robin
D:4:      layout_cave_pools, minmay_overflow_temple_star_hex,
          minmay_temple_entry_antechambers, grunt_decor_arrowhead, sigmund_army,
          uniq_sigmund, uniq_eustachio, uniq_duvessa, uniq_natasha
D:5:      layout_gridville, uniq_crazy_yiuf_cottage
D:6:      minmay_diamond_boxcup, layout_cave_pools,
          dreamdust_divine_triumvirate, serial_bayou_pond_e,
          kennysheep_crisscross, minmay_misc_feat_cross,
          hangedman_decor_growths, minmay_holes
D:7:      layout_cave_pools, kennysheep_slug_shrine, uniq_joseph
D:8:      layout_basic, nicolae_ossuary_entry_monument, uniq_prince_ribbit1,
          uniq_grum, uniq_maggie
D:9:      layout_loops_cross, serial_shops, nicolae_shop_crystal,
          nicolae_diamond_shop, minmay_radiant, uniq_psyche
D:10:     layout_irregular_city, serial_shops, shop, guppyfry_shop_venom
D:11:     layout_stronghold, due_lair_maze_entry_diamond, orc_0_dummy,
          serial_shops, nicolae_shop_stone, uniq_erica
D:12:     cheibrodos_lost_city_excavation, layout_layer_cave,
          eino_house_with_fridge, uniq_rupert, uniq_frances
D:13:     layout_rooms, minmay_fractal_squares_gapless_5
D:14:     layout_cave_pools, david_vaults_2, uniq_josephine, uniq_agnes
D:15:     grunt_enter_depths_hoard, layout_stronghold, corexii_corridor_pit,
          sword_in_stone
Lair:1:   beast_lair_carwin_large_3, layout_regular_city,
          kennysheep_abandoned_house
Lair:2:   layout_roguey
Lair:3:   layout_regular_city, skrybe_swamp_entry_bodies, spider_nest_entry_a,
          uniq_nessos, uniq_urug
Lair:4:   layout_misc_corridors, nicolae_slime_entry_slimehenge, wad_woods_03
Lair:5:   grunt_lair_end_beastmaster, layout_loops_ring,
          gammafunk_ghost_abyssal_escape, serial_bayou_shore_a,
          grunt_megastairs_3
Swamp:1:  layout_basic_swamp, serial_swamp_ruin, evilmike_swamp_ruin_wall,
          evilmike_swamp_ruin_house_5, evilmike_swamp_ruin_rubble_1, uniq_aizul
Swamp:2:  layout_basic_swamp, evilmike_swamp_ruin_house_6
Swamp:3:  layout_falls_marsh, portal_ice_cave_entry_ugly_swarm,
          evilmike_swamp_ruin_house_2, infiniplex_staircase_pool_2
Swamp:4:  swamp_icy, layout_basic_swamp, swamp_pool1
Spider:1: layout_spider_delve, uniq_nikola
Spider:2: layout_spider_delve
Spider:3: layout_chambers, nicolae_crawler_farm,
          hangedman_spider_tarantella_strand
Spider:4: grunt_spider_rune_circles, drop_trap,
          nicolae_spider_some_kinda_spiderbox
Orc:1:    layout_diamond_mine, kennysheep_orc_chapel
Orc:2:    grunt_orc_gardens, layout_diamond_mine, grunt_orc_garden,
          grunt_orc_garden, grunt_orc_garden, grunt_orc_garden
Depths:1: layout_roguey [special_room_mythical_zoo],
          nicolae_qazlal_scattered_showers, pf_hell_entry_great_geh,
          minmay_misc_feat_nine_boxes, kennysheep_potato, minmay_shoptagon
Depths:2: minmay_haunted_quarter, layout_twisted_cross, ziggurat_fallback,
          nicolae_vehumet_altar_sigil, pf_hell_entry_tar_river,
          rand_demon_pan_entry_8, ebering_dispersal_statue_hall,
          minmay_staircase_windowed_small, uniq_josephina
Depths:3: box_level_dp, hell_entry, serial_shops, abyss_entry, uniq_xtahua,
          uniq_jory
Depths:4: evilmike_zot_entry_round, layout_long_grid,
          nicolae_figureground_sparkle, hellmouth_1, rand_demon_pan_entry_4
Zot:1:    layout_basic, nicolae_shop_clearance
Zot:2:    nicolae_zot_draconian_monastery, layout_misc_corridors
Zot:3:    layout_twisted_circle, st_large_dragon_hoard_3
Zot:4:    layout_gridville, nicolae_diode_stairs, grunt_megastairs_1
Zot:5:    layout_basic

Skill      XL: |  1  2  3  4  5  6  7  8  9 10 11 12 13 14 15 16 17 18 |
---------------+-------------------------------------------------------+-----
Axes           | 3 4 5 6 8 9 11 13 15 16 17 18 20 | 20.0
Fighting       | 4 5 6 7 8 10 11 12 13 14 16 17 18 | 18.8
Armour         | 4 5 6 7 8 10 11 12 13 14 16 17 18 | 18.8
Invocations    | 3 4 6 7 8 9 10 11 | 11.0
Dodging        | 3 7 9 11 12 14 15 16 | 16.5
Evocations     | 3 5 7 9 10 | 10.9
Shields        | |  3.6

Action                   |  1- 3 |  4- 6 |  7- 9 | 10-12 | 13-15 | 16-18 || total
-------------------------+-------+-------+-------+-------+-------+-------++-------
Melee: War axe           |    75 |   136 |   256 |   389 |       |       ||   856
       Headbutt          |    13 |    24 |    49 |   135 |   228 |   320 ||   769
       Battleaxe         |       |       |       |   284 |   869 |  1191 ||  2344
Invok: Heroism           |       |       |     2 |    12 |    22 |    27 ||    63
       Finesse           |       |       |       |       |     4 |    15 ||    19
Evoke: Wand              |       |     1 |       |       |       |       ||     1
  Use: Potion            |       |     1 |       |       |       |    10 ||    11
       Scroll            |       |       |    12 |    15 |    12 |    23 ||    62
 Stab: Paralysed         |       |     1 |       |       |       |       ||     1
       Petrified         |       |       |       |       |     1 |       ||     1
       Invisible         |       |       |       |       |       |    11 ||    11
       Confused          |       |       |       |       |       |     3 ||     3
Armor: Scale mail        |    30 |       |       |       |       |       ||    30
       Plate armour      |     1 |    86 |   142 |   405 |   921 |   629 ||  2184
       Gold dragon scale |       |       |       |       |       |   284 ||   284
Dodge: Dodged            |    30 |    42 |    43 |   202 |   601 |   726 ||  1644
Block: Buckler           |    44 |    90 |   134 |   153 |       |       ||   421
       Reflection        |       |       |     1 |     1 |       |       ||     2
